 Dungeon Crawl Stone Soup version 0.31-a0-221-gbddc013574 (webtiles) character file.

Game seed: 6726646616969982402

54 qw the Shooter (level 3, -5/29 HPs)
             Began as a Minotaur Hexslinger on July 4, 2023.
             Slain by an orc priest
             ... wielding a +2 mace of venom
              (6 damage)
             ... on level 2 of the Dungeon.
             The game lasted 00:00:26 (1212 turns).

qw the Shooter (Minotaur Hexslinger)                Turns: 1212, Time: 00:00:27

Health: -5/29      AC:  7    Str: 12    XL:     3   Next: 66%
Magic:  3/3        EV: 11    Int: 10    God:
Gold:   133        SH:  0    Dex: 14    Spells: 3/4 levels left

rFire   . . .        Y - +1 sling
rCold   . . .        (no shield)
rNeg    . . .        i - +0 ring mail
rPois   .            (helmet restricted)
rElec   .            d - +0 cloak
rCorr   .            g - +0 pair of gloves
SInv    .            (no boots)
Will    .....        (no amulet)
Stlth   +            (no ring)
HPRegen 0.24/turn    (no ring)
MPRegen 0.08/turn

%: no passive effects
@: no status effects
A: horns 2, retaliatory headbutt
a: no special abilities


You were on level 2 of the Dungeon.
You visited 1 branch of the dungeon, and saw 3 of its levels.

You collected 133 gold pieces.


Innate Abilities, Weirdness & Mutations

You have a pair of horns on your head.
You reflexively headbutt those who attack you in melee.


   Skills:
 - Level 2.0 Fighting
 - Level 4.2 Ranged Weapons
 + Level 0.0 Armour
 - Level 2.1 Dodging
 - Level 1.0 Spellcasting
 - Level 2.0 Hexes


You had 3 spell levels left.
You knew the following spells:

 Your Spells              Type           Power      Damage    Failure   Level
a - Slow                  Hex            16%        N/A       34%         1

Your spell library contained the following spells:

 Spells                   Type           Power      Damage    Failure   Level
 Inner Flame              Hex/Fire       2%         N/A       83%         3
 Portal Projectile        Hex/Tloc       4%         N/A       83%         3
 Cause Fear               Hex            2%         N/A       98%         4

Inventory:

Hand Weapons
 Y - a +1 sling (weapon)
Armour
 d - a +0 cloak (worn)
 g - a +0 pair of gloves (worn)
 i - a +0 ring mail (worn)
Potions
 a - a potion of degeneration {unknown}
 e - a potion of cancellation {unknown}
 f - a potion of mutation {unknown}
 k - a potion of brilliance {unknown}
 l - a potion of might {unknown}

Dungeon Overview and Level Annotations

Branches:
Dungeon (3/15)

Altars:

Shops:
D:1 [


Message History

You shoot a sling bullet.
The sling bullet barely misses the orc priest.
You hear a shout!
The bat closely misses you.
A hobgoblin comes into view.
The orc priest barely misses you. You furiously retaliate!
You headbutt the orc priest, but do no damage.
The goblin closely misses you.
You shoot a sling bullet. The hobgoblin shouts!
The sling bullet hits the orc priest.
The orc priest is almost dead.
You hear an angry hiss.
The bat barely misses you. The bat hits you but does no damage.
The goblin hits you with a +0 dagger.
The orc priest invokes the aid of Beogh against you.
Pain shoots through your body! The orc priest barely misses you.
The orc hits you with a +0 club.
1209 ||| STAIRDANCE The bat barely misses you.
The goblin closely misses you.
The orc priest looks braver for a moment.
The orc priest hits you but does no damage.
The orc hits you but does no damage. The bat hits you but does no damage.
You climb upwards.
There is a stone staircase leading down here.
You shoot a sling bullet.
The sling bullet barely misses the orc priest.
The orc barely misses you. You furiously retaliate!
You headbutt the orc. The orc priest closely misses you.
The goblin hits you with a +0 dagger. The orc priest closely misses you.
The orc hits you with a +0 club. The goblin barely misses you.
The orc priest hits you with a +2 mace of venom.
The orc priest calls upon Beogh to heal the orc.
The orc is healed somewhat.
You shoot a sling bullet.
The sling bullet hits the orc priest but does no damage.
The orc priest is almost dead.
The orc hits you with a +0 club.
The orc priest hits you with a +2 mace of venom.
You die...

##..##.#.### #.....
##.##.....# #.....
####.####.#.# #.....
#....####.#.####.....
#.##.>..#.#..(.######
#.##.##...####...#
#.##.###...# ###.###
#.##og....<#####...##
#.##@o.........###...
#....o.....<.#..#####
###.......##........#
#.......####..###.#
##.....## ##.###.#
#.......# #..##.#
#.......######.....
#.......##...<.....
#####.....###.######..


You could see 2 orc priests, an orc and a goblin.

Vanquished Creatures
  2 adders (D:2)
  A worm (D:2)
  4 bats
  4 endoplasms
  A giant cockroach (D:1)
  5 goblins
  2 hobgoblins (D:1)
  4 kobolds
  4 ball pythons
  A frilled lizard (D:1)
  4 rats
32 creatures vanquished.

Notes
Turn   | Place    | Note
-------+----------+-------------------------------------------
     0 | D:1      | qw the Minotaur Hexslinger began the quest for the Orb.
     0 | D:1      | Reached XP level 1. HP: 16/16 MP: 1/1
     0 | D:1      | 0 ||| qw: Version: 0.3-a-41-g9d075ac
     0 | D:1      | 0 ||| qw: Game counter: 773
     0 | D:1      | 0 ||| qw: Melee chars always use a shield: true
     0 | D:1      | 0 ||| qw: God list: Okawaru
     0 | D:1      | 0 ||| qw: Allow faded altars: false
     0 | D:1      | 0 ||| qw: Do Orc after clearing Dungeon:15 true
     0 | D:1      | 0 ||| qw: Do second Lair branch before Depths: true
     0 | D:1      | 0 ||| qw: Lair rune preference: random
     0 | D:1      | 0 ||| qw: Goals: Normal
     0 | D:1      | 0 ||| PLANNING D:1-11
   131 | D:1      | Reached skill level 3 in Ranged Weapons
   131 | D:1      | Reached XP level 2. HP: 23/23 MP: 2/2
   140 | D:1      | Found Axug's Armour Shoppe.
   145 | D:1      | 145 ||| SHOPLISTING +0 leather armour (24 gold, have 17).
   145 | D:1      | 145 ||| SHOPLISTING +0 pair of boots (54 gold, have 17).
   145 | D:1      | 145 ||| SHOPLISTING +0 ring mail (48 gold, have 17).
   145 | D:1      | 145 ||| SHOPLISTING +2 acid dragon scales (624 gold, have
                  | 17).
   145 | D:1      | 145 ||| SHOPLISTING +4 ring mail of positive energy (336
                  | gold, have 17).
   673 | D:1      | 673 ||| UPGRADING to +0 cloak.
   678 | D:1      | 678 ||| UPGRADING to +0 pair of gloves.
   683 | D:1      | 683 ||| READING scroll labelled NODWUG CONLULA.
   684 | D:1      | 684 ||| READING scroll labelled ACOBOE GOOVUAST.
   685 | D:1      | 685 ||| READING scroll labelled FAKAAT INAHA.
   690 | D:1      | 690 ||| DROPPING scroll of poison.
   836 | D:2      | Reached XP level 3. HP: 29/29 MP: 3/3
   840 | D:2      | Reached skill level 4 in Ranged Weapons
  1157 | D:2      | 1157 ||| UPGRADING to +0 leather armour.
  1167 | D:2      | 1167 ||| DROPPING +0 robe.
  1168 | D:2      | 1168 ||| UPGRADING to +0 ring mail.
  1178 | D:2      | 1178 ||| DROPPING +0 leather armour.
  1179 | D:2      | 1179 ||| READING scroll labelled RADDUN LECSE.
  1180 | D:2      | 1180 ||| READING scroll labelled ATAITO JOEC.
  1209 | D:3      | 1209 ||| STAIRDANCE
  1211 | D:2      | HP: 5/29 [orc/+0 club (3)]
  1212 | D:2      | HP: 1/29 [orc/+0 club (2)]
  1212 | D:2      | Slain by an orc priest

Levels and vault maps discovered:
D:1:      eino_arrival_water_cross, layout_loops_ring, serial_shops,
          nicolae_shop_hallway_plus, roderic_serpentine_path
D:2:      layout_rooms, minmay_misc_feat_cross
D:3:      layout_loops_ring, nicolae_ru_awakened_eye, roderic_roman_lattice,
          uniq_crazy_yiuf_cottage, uniq_sigmund, uniq_natasha, uniq_ijyb,
          uniq_terence

Skill      XL: |  1  2  3 |
---------------+----------+-----
Ranged Weapons | 3 4 |  4.2
Fighting       | 2 |  2.0
Dodging        | |  2.1
Spellcasting   | |  1.0
Hexes          | |  2.0

Action                     || total
---------------------------++-------
   Fire: Sling             ||    76
    Use: Scroll            ||     5
 Armour: Robe              ||     2
         Ring mail         ||     5
  Dodge: Dodged            ||    30

Table legend:
 A = Non-vault XP
 B = Vault XP
 C = Vault XP percentage of total XP
 D = Non-vault monster count
 E = Vault monster count
 F = Vault count percentage of total count
                 A         B        C        D         E       F
            +---------+---------+-------+---------+---------+-------
      Total |      78 |       0 |   0.0 |      32 |       0 |   0.0
            +---------+---------+-------+---------+---------+-------
        D:1 |      29 |       0 |   0.0 |      18 |       0 |   0.0
        D:2 |      49 |       0 |   0.0 |      14 |       0 |   0.0
            +---------+---------+-------+---------+---------+-------
